 Dungeon Crawl Stone Soup version 0.25-a0-346-g140ab784a8 (webtiles) character file.

Game seed: 8006130099449630082, levelgen mode: deterministic

15489 Essalna the Zephyrmancer (level 12, 0/72 HPs)
             Began as a Tengu Air Elementalist on Jan 1, 2020.
             Was an Elder of Vehumet.
             Killed by their own static electricity (1 damage)
             ... on level 1 of the Lair of Beasts.
             The game lasted 01:02:14 (16268 turns).

Essalna the Zephyrmancer (Tengu Air Elementalist)  Turns: 16268, Time: 01:02:14

Health: 0/72       AC:  8    Str: 12    XL:     12   Next: 27%
Magic:  14/25      EV: 17    Int: 21    God:    Vehumet [****..]
Gold:   793        SH:  5    Dex: 15    Spells: 16/27 levels left

rFire    + + .     SeeInvis .   A - +5 flail of Zin {flame, +Fly rF+ rC++ Str-3}
rCold    + + +     Gourm    .   P - +0 buckler
rNeg     + . .     Faith    .   w - +2 leather armour {rN+}
rPois    .         Spirit   .   (helmet restricted)
rElec    .         Reflect  .   K - scarf {rC+ rF+}
rCorr    .         Harm     .   C - +1 pair of gloves
MR       +....                  (boots unavailable)
Stlth    ++........             E - amulet of the Tempest {RegenMP Str+7}
HPRegen  0.22/turn              n - ring of wizardry
MPRegen  0.44/turn              D - ring of protection from magic

@: no status effects
A: beak, talons 3, able to fly
a: Fly, Renounce Religion, Evoke Flight


You were on level 1 of the Lair of Beasts.
You worshipped Vehumet.
Vehumet was greatly pleased with you.
You were not hungry.

You visited 3 branches of the dungeon, and saw 14 of its levels.
You also visited: Sewer.

You collected 821 gold pieces.
You spent 28 gold pieces at shops.

Inventory:

Hand Weapons
 f - a +1 dagger
 z - a +2 falchion of flaming
 A - the +5 flail of Zin (weapon) {flame, +Fly rF+ rC++ Str-3}
   (You found it on level 9 of the Dungeon)

   It has been specially enchanted to burn those struck by it, causing extra
   injury to most foes and up to half again as much damage against particularly
   susceptible opponents.
   It affects your strength (-3).
   It protects you from fire.
   It greatly protects you from cold.
   It lets you fly.
 B - a +1 scythe of venom
 L - the +3 flail of the Boiling Point {antimagic, Str+7}
   (You found it on level 9 of the Dungeon)

   It reduces the magical energy of the wielder, and disrupts the spells and
   magical abilities of those hit.
   Natural abilities and divine invocations are not affected.
   It affects your strength (+7).
Armour
 a - a +0 robe
 r - a +1 cloak
 w - a +2 leather armour of positive energy (worn)
 C - a +1 pair of gloves (worn)
 K - a scarf of resistance (worn)
 P - a +0 buckler (worn)
Jewellery
 e - an uncursed amulet of rage
 j - an uncursed amulet of regeneration
 n - a ring of wizardry (left hand)
 D - a ring of protection from magic (right hand)
 E - the amulet of the Tempest (around neck) {RegenMP Str+7}
   (You found it on level 6 of the Dungeon)

   [amulet of magic regeneration]

   It increases your magic regeneration.
   It affects your strength (+7).
 G - an uncursed ring of ice
 U - a -3 ring of intelligence
Wands
 k - a wand of acid (13)
 u - a wand of iceblast (6)
 y - a wand of scattershot (3)
 H - a wand of enslavement (9)
 O - a wand of polymorph (13)
 T - a wand of random effects (11)
Scrolls
 o - 2 scrolls of remove curse
 q - 9 scrolls of identify
 t - 3 scrolls of enchant armour
 x - 4 scrolls of enchant weapon
 I - 7 scrolls of amnesia
 M - 2 scrolls of blinking {unknown}
 Q - 3 scrolls of fear {unknown}
 S - a scroll of noise {unknown}
 V - a scroll of teleportation
Potions
 b - 4 potions of cancellation
 d - 3 potions of heal wounds
 g - 6 potions of curing
 h - 2 potions of haste {unknown}
 i - 2 potions of brilliance {unknown}
 l - a potion of lignification {unknown}
 m - a potion of berserk rage {unknown}
 s - 4 potions of might {unknown}
 v - 5 potions of degeneration {unknown}
 F - a potion of ambrosia {unknown}
 N - a potion of resistance {unknown}
 R - a potion of magic {unknown}
Miscellaneous
 p - a phantom mirror
 J - a crystal ball of energy
Comestibles
 c - 18 rations


   Skills:
 + Level 7.4 Fighting
 - Level 7.1 Armour
 + Level 8.3 Dodging
 - Level 2.0 Stealth
 + Level 3.0 Shields
 + Level 8.3 Spellcasting
 + Level 11.2 Conjurations
 + Level 11.9 Air Magic


You had 16 spell levels left.
You knew the following spells:

 Your Spells              Type           Power        Failure   Level  Hunger
a - Shock                 Conj/Air       ####         1%          1    None
b - Swiftness             Chrm/Air       ####....     1%          2    None
c - Static Discharge      Conj/Air       ######..     1%          3    None
d - Lightning Bolt        Conj/Air       ######....   1%          5    #####..

Your spell library contained the following spells:

 Spells                   Type           Power        Failure   Level  Hunger
 Inner Flame              Hex/Fire       #.......     4%          3    None
 Airstrike                Air            ######....   1%          4    ###....


Dungeon Overview and Level Annotations

Branches:
Dungeon (11/15)            Temple (1/1) D:6            Lair (2/6) D:11
    Orc (0/2) D:9           Sewer (visited)
  Swamp: Lair:2-4    Shoals: Lair:2-4     Snake: Lair:2-4    Spider: Lair:2-4

Altars:
Ashenzari
Cheibriados
Dithmenos
Elyvilon
Fedhas
Gozag
Hepliaklqana
Kikubaaqudgha
Makhleb
Nemelex Xobeh
Okawaru
Qazlal
Ru
Sif Muna
Trog
Uskayaw
Vehumet
Xom
Yredelemnul
Zin
The Shining One

Shops:
D:4 ?:}[(

Annotations:
D:7 1 runed translucent door
D:8 Gastronok


Innate Abilities, Weirdness & Mutations

You have a beak for a mouth.
You have claws for feet.
You can fly continuously.


Message History

The wolf is severely wounded.
The lightning grounds out.
The wolf is struck by an arc of lightning!
You kill the wolf!
Vehumet accepts your kill.
You are struck by an arc of lightning.
* * * LOW HITPOINT WARNING * * *
The wolf is struck by an arc of lightning.
The wolf is heavily wounded.
You are struck by an arc of lightning.
* * * LOW HITPOINT WARNING * * *
The lightning grounds out.
The wolf is struck by an arc of lightning.
The wolf is severely wounded.
You are struck by an arc of lightning.
* * * LOW HITPOINT WARNING * * *
The wolf is struck by an arc of lightning.
The wolf is almost dead.
You are struck by an arc of lightning.
You die...

#.#####...##
##.........###
....#........###
.........##....#
......###.##...#
......#####P..#####
.............## #.###
.#.......#.#.####h..#
.#............#.@...##
.#...<..........††..>#
.....#..........##...#
).####.[.........#...#
..######...........###
....# #...........#
...(####......####.#
......##....####...#
......##.###.......#


You could see a wolf.

Vanquished Creatures
  Erica (D:8)
  3 two-headed ogres (D:8)
  Nergalle (D:11)
  An ugly thing (D:11)
  A black mamba (Lair:1)
  2 gargoyles
  A spiny frog (Lair:1)
  A komodo dragon (Lair:1)
  3 hippogriffs
  Sigmund (D:5)
  12 yaks
  A wyvern (D:9)
  A hungry ghost (D:11)
  6 water moccasins
  Duvessa (D:4)
  2 porcupines
  3 sky beasts
  3 orc warriors
  2 ice beasts (D:7)
  3 necrophages
  4 phantoms
  3 black bears (D:11)
  13 wolves
  3 ogres
  2 crocodiles
  5 centaurs
  2 big kobolds
  8 bullfrogs
  4 scorpions
  Dowan (D:4)
  4 killer bees (D:9)
  6 wights
  7 howler monkeys
  6 crimson imps
  4 bullfrog zombies
  A centaur zombie (D:7)
  A quasit (D:9)
  4 hounds
  6 orc wizards
  2 bullfrog skeletons
  3 iguanas
  A jelly (D:7)
  3 orc priests
  7 centaur skeletons
  Ijyb (D:4)
  Terence (D:2)
  15 worker ants
  A hound zombie (D:5)
  Robin (D:2)
  6 gnolls
  10 adders
  3 shadow imps
  9 oozes
  An adder zombie (D:8)
  2 adder skeletons
  4 worms
  A dart slug (D:1)
  17 leopard geckos
  23 orcs
  4 bats
  17 giant cockroaches
  12 goblins
  13 hobgoblins
  19 jackals
  A quokka (D:11)
  16 ball pythons
  12 frilled lizards
  A giant cockroach zombie (D:5)
  18 kobolds
  9 rats
  2 butterflies (D:7)
  A fungus (D:11)
369 creatures vanquished.

Vanquished Creatures (others)
  15 fungi (D:11)
  A plant (D:11)
16 creatures vanquished.

Grand Total: 385 creatures vanquished

Notes
Turn   | Place    | Note
-------+----------+-------------------------------------------
     0 | D:1      | Essalna the Tengu Air Elementalist began the quest for the
                  | Orb.
     0 | D:1      | Reached XP level 1. HP: 10/10 MP: 4/4
   315 | D:1      | Reached XP level 2. HP: 15/15 MP: 0/6
  1133 | D:1      | Reached XP level 3. HP: 19/19 MP: 5/7
  1148 | D:1      | Learned a level 2 spell: Swiftness
  1152 | D:1      | Learned a level 3 spell: Static Discharge
  1751 | D:2      | Reached XP level 4. HP: 24/24 MP: 5/9
  1840 | D:2      | Noticed Robin
  1842 | D:2      | Reached skill level 5 in Air Magic
  1848 | D:2      | Killed Robin
  2006 | D:2      | Noticed Terence
  2033 | D:2      | Killed Terence
  2470 | D:2      | Gained mutation: You can fly continuously. [Tengu growth]
  2470 | D:2      | Reached XP level 5. HP: 28/28 MP: 8/10
  2977 | D:3      | Found a snail-covered altar of Cheibriados.
  3474 | D:4      | Reached XP level 6. HP: 32/32 MP: 8/12
  3493 | D:4      | Found Judicw's Gadget Shop.
  3544 | D:4      | Found Werch's Armour Emporium.
  3605 | D:4      | Found a glowing drain.
  3615 | Sewer    | Entered a sewer
  4194 | Sewer    | Reached skill level 5 in Conjurations
  4240 | Sewer    | Reached XP level 7. HP: 32/36 MP: 4/14
  4524 | D:4      | Found Lumosar's Book Boutique.
  4716 | D:4      | Noticed Ijyb
  4768 | D:4      | Killed Ijyb
  4815 | D:4      | Found Zickeraiv's Antique Weapon Boutique.
  5100 | D:4      | Found a blossoming altar of Fedhas.
  5156 | D:4      | Noticed Dowan
  5169 | D:4      | Killed Dowan
  5253 | D:4      | Noticed Duvessa
  5372 | D:4      | Reached skill level 1 in Fighting
  5372 | D:4      | Reached skill level 1 in Armour
  5372 | D:4      | Reached XP level 8. HP: 43/43 MP: 12/16
  5549 | D:4      | Found Hercheir's Magic Scroll Shop.
  5552 | D:4      | Bought a scroll of identify for 28 gold pieces
  5617 | D:4      | Killed Duvessa
  5815 | D:5      | Entered Level 5 of the Dungeon
  5845 | D:5      | Found a sacrificial altar of Ru.
  5928 | D:5      | Reached skill level 5 in Spellcasting
  6358 | D:5      | Noticed Sigmund
  6380 | D:5      | Killed Sigmund
  6475 | D:5      | Found an opulent altar of Gozag.
  6479 | D:5      | Found a burning altar of Makhleb.
  6910 | D:6      | Found a staircase to the Ecumenical Temple.
  7020 | D:6      | Reached XP level 9. HP: 7/49 MP: 9/18
  7121 | D:6      | Got a sparkling crystal amulet
  7127 | Temple   | Entered the Ecumenical Temple
  7295 | Temple   | Became a worshipper of Vehumet
  7354 | D:6      | Identified the amulet of the Tempest {RegenMP Str+7} (You
                  | found it on level 6 of the Dungeon)
  8487 | D:7      | Found a shadowy altar of Dithmenos.
  8527 | D:7      | Reached * piety under Vehumet
  8527 | D:7      | Offered knowledge of Freeze by Vehumet.
  8830 | D:7      | Found a runed translucent door.
  8835 | D:7      | Found a runed translucent door.
  8848 | D:7      | Reached skill level 5 in Dodging
  9520 | D:7      | Reached XP level 10. HP: 13/57 MP: 15/20
 10088 | D:8      | Noticed a two-headed ogre
 10355 | D:8      | Learned a level 5 spell: Lightning Bolt
 10406 | D:8      | Noticed a two-headed ogre
 10411 | D:8      | Reached skill level 5 in Armour
 10419 | D:8      | Noticed Erica
 10439 | D:8      | Noticed a two-headed ogre
 10459 | D:8      | Killed Erica
 10505 | D:8      | Noticed Gastronok
 10792 | D:9      | Reached ** piety under Vehumet
 10813 | D:9      | Offered knowledge of Foxfire by Vehumet.
 10813 | D:9      | Reached skill level 5 in Fighting
 10956 | D:8      | Reached skill level 10 in Air Magic
 11330 | D:9      | Found a staircase to the Orcish Mines.
 11831 | D:9      | Got a smoking flail
 11832 | D:9      | Identified the +5 flail of Zin {flame, +Fly rF+ rC++ Str-3}
                  | (You found it on level 9 of the Dungeon)
 11967 | D:9      | Got a brightly glowing flail
 11968 | D:9      | Identified the cursed +3 flail of the Boiling Point
                  | {antimagic, Str+7} (You found it on level 9 of the Dungeon)
 12289 | D:8      | Offered knowledge of Mephitic Cloud by Vehumet.
 12289 | D:8      | Reached XP level 11. HP: 49/64 MP: 12/22
 12696 | D:8      | Killed a two-headed ogre
 12696 | D:8      | Reached skill level 10 in Conjurations
 12697 | D:8      | Found a white marble altar of Elyvilon.
 12702 | D:8      | Killed a two-headed ogre
 13053 | D:8      | Killed a two-headed ogre
 13165 | D:10     | Entered Level 10 of the Dungeon
 13658 | D:10     | Reached *** piety under Vehumet
 14336 | D:11     | Noticed a green ugly thing
 14341 | D:11     | Killed a green ugly thing
 14809 | D:11     | Reached skill level 1 in Shields
 15072 | D:11     | Found a staircase to the Lair.
 15080 | D:11     | Offered knowledge of Fulminant Prism by Vehumet.
 15101 | D:11     | Noticed Nergalle
 15106 | D:11     | Killed Nergalle
 15244 | D:11     | Reached XP level 12. HP: 63/72 MP: 18/25
 15255 | Lair:1   | Entered Level 1 of the Lair of Beasts
 16012 | Lair:2   | Reached **** piety under Vehumet
 16264 | Lair:2   | Offered knowledge of Inner Flame by Vehumet.
 16268 | Lair:1   | HP: 3/72 [/static electricity (4)]
 16268 | Lair:1   | HP: 1/72 [/static electricity (1)]
 16268 | Lair:1   | Killed from afar by themself

Levels and vault maps discovered:
D:1:      eino_arrival_tree_alley, layout_loops_corners
D:2:      layout_basic, uniq_terence, uniq_robin
D:3:      layout_rooms, lemuel_doored_altar, first_ration
D:4:      layout_layer_cave, fedhas_altar_2, serial_shops, shop, shop_fountains,
          shop_statue, nicolae_shop_behind_doors, shop_fountains,
          gup_sewer_entry_pipe, uniq_duvessa, uniq_ijyb
D:5:      cheibrodos_helix_gallery, layout_basic,
          nicolae_overflow_hidden_temple, minitemple, nicolae_ru_path_of_blood,
          uniq_sigmund
D:6:      layout_loops_ring, minmay_temple_entry_sparse_star, kennysheep_nub
D:7:      lemuel_insect_pit, layout_gridville, overflow_temple_1_default
D:8:      layout_basic, elyvilon_altar_5, uniq_erica, uniq_gastronok
D:9:      layout_long_grid, david_orc_3
D:10:     layout_small_grid
D:11:     layout_cave_pools, due_lair_maze_entry_diamond, blue_anna_alchemist
          [blue_anna_fruit_fields, blue_anna_fruit_fields],
          hangedman_glass_teeth, uniq_nergalle
Temple:   regret_index_temple_waves
Lair:1:   layout_misc_corridors
Lair:2:   layout_roguey, minmay_snake_entry_six_corridors, enter_volcano_4,
          grunt_forest_large_clearings

Skill      XL: |  1  2  3  4  5  6  7  8  9 10 11 12 |
---------------+-------------------------------------+-----
Conjurations   | 2 3 4 5 6 7 8 9 10 11 | 11.2
Air Magic      | 5 6 7 8 9 10 11 | 11.9
Spellcasting   | 3 4 5 6 7 8 |  8.3
Fighting       | 1 2 4 5 7 |  7.4
Armour         | 1 3 4 6 7 |  7.1
Dodging        | 3 5 6 7 8 |  8.3
Shields        | 2 3 |  3.0
Stealth        | |  2.0

Action                   |  1- 3 |  4- 6 |  7- 9 | 10-12 || total
-------------------------+-------+-------+-------+-------++-------
Melee: Unarmed           |    14 |       |       |       ||    14
       Kick              |     7 |     2 |    30 |    22 ||    61
       Peck              |     1 |     1 |    19 |    15 ||    36
       Dagger            |    13 |    16 |     2 |       ||    31
       Falchion          |       |       |    92 |    27 ||   119
       Flail             |       |       |       |    48 ||    48
 Cast: Shock             |    63 |   176 |   254 |   292 ||   785
       Static Discharge  |       |     4 |    20 |   103 ||   127
       Lightning Bolt    |       |       |       |    15 ||    15
       Swiftness         |       |       |       |     2 ||     2
  Use: Scroll            |       |     7 |     2 |     7 ||    16
       Potion            |       |       |     1 |       ||     1
 Stab: Sleeping          |     2 |     1 |     1 |       ||     4
  Eat: Chunk             |     3 |     9 |    13 |    15 ||    40
       Ration            |       |       |     1 |     3 ||     4
Armor: Robe              |     3 |    19 |     2 |       ||    24
       Leather armour    |       |       |    60 |    57 ||   117
Dodge: Dodged            |    25 |    50 |   129 |   170 ||   374
Block: Buckler           |       |       |       |    16 ||    16
       Rpst.: Falchion   |       |       |    31 |    13 ||    44

Table legend:
 A = Non-vault XP
 B = Vault XP
 C = Vault XP percentage of total XP
 D = Non-vault monster count
 E = Vault monster count
 F = Vault count percentage of total count
                 A         B        C        D         E       F
            +---------+---------+-------+---------+---------+-------
      Total |   16652 |    5476 |  24.7 |     265 |     101 |  27.6
            +---------+---------+-------+---------+---------+-------
        D:1 |      42 |       0 |   0.0 |      22 |       0 |   0.0
        D:2 |      60 |      65 |  52.0 |      21 |       9 |  30.0
        D:3 |     133 |       0 |   0.0 |      32 |       0 |   0.0
        D:4 |     532 |     259 |  32.7 |      20 |       6 |  23.1
        D:5 |     365 |     231 |  38.8 |      18 |       3 |  14.3
        D:6 |     799 |       0 |   0.0 |      21 |       0 |   0.0
        D:7 |    1592 |     310 |  16.3 |      38 |      12 |  24.0
        D:8 |    4083 |     929 |  18.5 |      31 |       1 |   3.1
        D:9 |    2425 |     130 |   5.1 |      23 |       1 |   4.2
       D:10 |    2068 |       0 |   0.0 |      17 |       0 |   0.0
       D:11 |    2325 |    1726 |  42.6 |      11 |       9 |  45.0
     Lair:1 |    1848 |     356 |  16.2 |       8 |       3 |  27.3
     Lair:2 |     380 |    1169 |  75.5 |       3 |      11 |  78.6
      Sewer |       0 |     301 | 100.0 |       0 |      46 | 100.0
            +---------+---------+-------+---------+---------+-------
